 Dungeon Crawl Stone Soup version 0.24.0-29-g8ce449bc06 (webtiles) character file.

Game seed: 17121644123587534385, levelgen mode: deterministic

161 Delamore the Chopper (level 5, 0/45 HPs)
             Began as a Hill Orc Fighter on Nov 15, 2019.
             Slain by Crazy Yiuf
             ... wielding a +3 quarterstaff of chaos
              (9 damage)
             ... on level 3 of the Dungeon.
             The game lasted 00:02:12 (2109 turns).

Delamore the Chopper (Hill Orc Fighter)             Turns: 2109, Time: 00:02:13

Health: 0/45       AC:  6    Str: 20    XL:     5   Next: 42%
Magic:  0/5        EV:  7    Int:  8    God:
Gold:   245        SH:  8    Dex: 10    Spells: 4/4 levels left

rFire    . . .     SeeInvis .   a - +0 war axe
rCold    . . .     Gourm    .   c - +0 shield
rNeg     . . .     Faith    .   b - +0 scale mail
rPois    .         Spirit   +   (no helmet)
rElec    .         Reflect  .   k - scarf {Spirit}
rCorr    .         Harm     .   (no gloves)
MR       .....                  (no boots)
Stlth    ..........             j - amulet of rage
HPRegen  0.15/turn              l - ring of wizardry
MPRegen  0.09/turn              (no ring)

@: lethally poisoned (0 -> -2), lightly drained
A: no striking features
a: Evoke Berserk Rage


You were on level 3 of the Dungeon.
You were not hungry.

You visited 1 branch of the dungeon, and saw 3 of its levels.

You collected 245 gold pieces.

Inventory:

Hand Weapons
 a - a +0 war axe (weapon)
Missiles
 e - 3 boomerangs (quivered)
Armour
 b - a +0 scale mail (worn)
 c - a +0 shield (worn)
 k - a scarf of spirit shield (worn)
Jewellery
 j - an amulet of rage (around neck)
 l - a ring of wizardry (left hand)
 o - an uncursed amulet of the gourmand {unknown}
Scrolls
 g - 5 scrolls of identify {unknown}
 h - a scroll of amnesia {unknown}
 i - a scroll of teleportation {unknown}
 n - a scroll of magic mapping {unknown}
 q - a scroll of remove curse {unknown}
Potions
 d - 2 potions of might
 m - a potion of agility {unknown}
 p - 2 potions of lignification {unknown}
 r - a potion of heal wounds
Comestibles
 f - 6 rations


   Skills:
 - Level 3.6(3.0) Fighting
 + Level 7.2(6.6) Axes
 - Level 3.2(2.7) Armour
 - Level 3.2(2.7) Shields


You had 4 spell levels left.
You didn't know any spells.
Your spell library was empty.

Dungeon Overview and Level Annotations

Branches:
Dungeon (3/15)

Altars:

Annotations:
D:3 Crazy Yiuf


Message History

Crazy Yiuf hits you with a +3 quarterstaff of chaos.
Crazy Yiuf draws strength from your wounds!
You closely miss Crazy Yiuf.
You feel sick.
Crazy Yiuf screams, "Whippet canine water!"
Crazy Yiuf hits you with a +3 quarterstaff of chaos!
* * * LOW HITPOINT WARNING * * *
You slash Crazy Yiuf!
Crazy Yiuf is severely wounded.
Crazy Yiuf hits you but does no damage.
You feel drained.
You hit Crazy Yiuf.
Crazy Yiuf is almost dead.
You feel sick.
Crazy Yiuf drinks a potion.
Crazy Yiuf is healed!
You slash Crazy Yiuf!
Crazy Yiuf is heavily wounded.
You feel sick. Crazy Yiuf closely misses you.
You closely miss Crazy Yiuf.
Crazy Yiuf is heavily wounded.
You block Crazy Yiuf's attack.
Crazy Yiuf hits you with a +3 quarterstaff of chaos!
You die...

.'.)...<.........................
.#.........##################.##.
.######..#.# #...........
.###.......# ##### #...........
....[......# #..)# ########.##.
...........# #...# #.##.
.###.##....# ... #.##. .#
#.##....# #g# #.##. .# #.##....#
♣♣@♣ ########.### .# #.##...##
♣.♣♣ #........... .###.##...#
♣♣.♣ #.#####..### .....##...#
♣.♣♣ #.# #..# # .####.)...# ♣♣.♣♣
#.# #..# # .# #.#.#.# ♣..)♣♣ #.#
#..### .# #.#.#.## ♣..♣.♣ #.#
###..... .## #.#.#..# #.)..# #.#
#....... ..# #.#.#.#####..#####.#
#.#..###


You could see Crazy Yiuf.

Vanquished Creatures
  A hound (D:3)
  A worker ant (D:2)
  A gnoll (D:1)
  3 adders
  3 worms
  A dart slug (D:3)
  4 leopard geckos
  An orc (D:3)
  A giant cockroach (D:2)
  6 hobgoblins
  4 jackals (D:3)
  2 quokkas
  A ball python (D:2)
  5 bats
  5 frilled lizards
  5 goblins
  5 kobolds
  12 rats
61 creatures vanquished.

Notes
Turn   | Place    | Note
-------+----------+-------------------------------------------
     0 | D:1      | Delamore the Hill Orc Fighter began the quest for the Orb.
     0 | D:1      | Reached XP level 1. HP: 19/19 MP: 1/1
    46 | D:1      | Reached skill level 3 in Axes
   234 | D:1      | Reached XP level 2. HP: 26/26 MP: 2/2
   301 | D:1      | Reached skill level 4 in Axes
   393 | D:1      | Reached XP level 3. HP: 31/31 MP: 3/3
   749 | D:2      | Reached skill level 5 in Axes
   868 | D:2      | Reached XP level 4. HP: 39/39 MP: 4/4
   926 | D:2      | Reached skill level 6 in Axes
  1124 | D:3      | Reached XP level 5. HP: 35/45 MP: 3/5
  1262 | D:3      | Reached skill level 7 in Axes
  1566 | D:3      | Found a runed translucent door.
  1567 | D:3      | Noticed Crazy Yiuf
  2109 | D:3      | Slain by Crazy Yiuf

Levels and vault maps discovered:
D:1:      lightli_arrival_maybe_door_vault, layout_loops_ring
D:2:      layout_loops_cross
D:3:      layout_basic, uniq_crazy_yiuf_cottage

Skill      XL: |  1  2  3  4  5 |
---------------+----------------+-----
Axes           | 3 4 5 6 7 |  7.2
Fighting       | |  3.6
Armour         | |  3.2
Shields        | |  3.2

Action                   |  1- 3 |  4- 6 || total
-------------------------+-------+-------++-------
Melee: War axe           |    87 |    88 ||   175
  Eat: Chunk             |       |     4 ||     4
Armor: Scale mail        |    28 |    38 ||    66
Dodge: Dodged            |    27 |    23 ||    50
Block: Shield            |    39 |    62 ||   101
